AoeStats
← Comend x comend

Pilgrims

507392267Analyzed
4v4 RM · 14d ago on Sep 18, 2026· 33m 11s· 8 players
Game mode
Random Map
Map size
Large (8 player)
Population
200
Speed
Normal
Resources
Standard
Victory
Conquest
Starting age
Dark Age
Ending age
Imperial Age
RankedLock teamsTeams togetherTeam positionsShared explorationLock speedFull tech treeHidden civsTurbo modeCheats
Victory
Defeat
🇺🇸 Muisca · United States
1538
+10
🇺🇸 Dravidians · United States
1429
+14
🇨🇦 Khmer · Canada
1406
+15
🇨🇦 Romans · Canada
1289
+18
🇨🇱 Aztecs · Chile
1417
-16
🇲🇽 Persians · Mexico
1393
-15
🇵🇪 Maya · Peru
1379
-14
🇲🇽 Vikings · Mexico
1323
-12
Dark Gundam
5:50 Loom
11:35 Feudal Age
14:30 Man-at-Arms
17:19 Town Watch
17:59 Fletching
18:59 Fishing Lines
20:42 Padded Archer Armor
23:51 Wheelbarrow
35:16 Castle Age
De_Aztek
5:49 Loom
12:04 Feudal Age
15:03 Double-Bit Axe
20:09 Castle Age
19:09 Fletching
20:17 Gold Mining
24:37 Bodkin Arrow
Comend x comend
9:06 Loom
11:26 Feudal Age
13:51 Horse Collar
21:05 Castle Age
20:20 Town Watch
20:23 Double-Bit Axe
20:51 Gold Mining
21:27 Crossbowman
24:29 Forging
24:14 Fletching
24:57 Thumb Ring
28:39 Bodkin Arrow
28:45 Padded Archer Armor
GunsNroses
4:30 Loom
11:43 Feudal Age
12:22 Double-Bit Axe
15:22 Forging
22:29 Castle Age
23:28 Medium Warships
Ice2207
6:50 Loom
12:23 Feudal Age
13:18 Double-Bit Axe
19:00 Castle Age
16:55 Fletching
19:46 Bodkin Arrow
21:25 Crossbowman
30:04 Padded Archer Armor
30:34 Horse Collar
32:58 Wheelbarrow
32:46 Bow Saw
33:18 Ballistics
33:21 Leather Archer Armor
A Grundle Gnome
8:59 Loom
11:26 Feudal Age
12:36 Double-Bit Axe
13:44 Fletching
17:32 Castle Age
18:23 Medium Warships
18:14 Bodkin Arrow
22:35 Bow Saw
28:49 Ballistics
I Move Soft
5:37 Loom
10:47 Feudal Age
11:43 Man-at-Arms
13:47 Scale Mail Armor
13:57 Forging
19:48 Double-Bit Axe
22:20 Castle Age
22:41 Long Swordsman
23:22 Squires
23:39 Chain Mail Armor
23:09 Horse Collar
24:45 Iron Casting
25:56 Wheelbarrow
29:35 Hand Cart
29:10 Fishing Lines
36:18 Imperial Age
GOAT Gobz
8:57 Feudal Age
9:34 Double-Bit Axe
13:45 Loom
14:56 Fishing Lines
17:28 Town Watch
25:18 Castle Age
24:02 Fletching
29:10 Bow Saw
Connection lost

Rejoining the realm…

Still unreachable

The connection could not be restored.

Session expired

The server has moved on; the page needs a fresh start.